Map: Jagannatha LE

Players

黑羽快斗 (ButAlways)

  • Race: Protoss Protoss
  • League: Grandmaster
  • Spawn Location: 1:00

Yoger - Winner!

  • Race: Zerg Zerg
  • League: Master
  • Spawn Location: 7:00

Event: DreamHack SC2 Masters 2020 Winter

VOD

Have the link to the VOD?

Description

Time

  • Played on: Oct. 22, 2020, 9:38 a.m.
  • Length: 6:31

All games in this series

Show
View Real Time Build Order
Export as new Build Order

黑羽快斗 Protoss 

Build Orders: 1 Gate Expand, Oracle Opening 

Get SALT Encoding   

  12  0:00  Probe  
  13  0:12  Probe  
  14  0:20  Pylon  
  14  0:24  Probe  
  15  0:38  Probe (Chrono Boost)  
  15  0:40  Gateway  
  16  0:47  Probe (Chrono Boost)  
  17  0:52  Probe (Chrono Boost)  
  17  0:53  Assimilator  
  18  1:04  Probe  
  19  1:16  Probe  
  20  1:26  Nexus  
  20  1:36  Cybernetics Core  
  20  1:39  Probe  
  21  1:45  Assimilator  
  21  1:51  Probe  
  22  1:54  Pylon  
  22  2:03  Probe (Chrono Boost)  
  23  2:10  Adept (Chrono Boost)  
  23  2:14  Probe (Chrono Boost)  
  26  2:19  Probe (Chrono Boost)  
  26  2:21  Stargate  
  27  2:30  Probe (Chrono Boost)  
  27  2:33  Adept  
  29  2:38  Probe (Chrono Boost)  
  31  2:47  Probe (Chrono Boost)  
  31  2:48  Probe (Chrono Boost)  
  32  2:53  Probe x2 (Chrono Boost)  
  34  3:04  Oracle (Chrono Boost)  
  34  3:05  Probe x2  
  39  3:12  Gateway  
  39  3:18  Probe  
  41  3:25  Pylon  
  40  3:27  Shield Battery  
  40  3:31  Probe  
  40  3:33  Oracle (Chrono Boost)  
  44  3:35  Shield Battery  
  44  3:36  Probe  
  45  3:43  Probe  
  45  3:44  Cybernetics Core  
  46  3:48  Probe  
  46  3:52  Assimilator  
  46  3:55  Assimilator, Probe  
  48  3:59  Pylon  
  48  4:00  Probe  
  49  4:07  Probe  
  52  4:10  Pylon  
  52  4:12  Probe  
  52  4:13  Oracle (Chrono Boost)  
  54  4:19  Probe  
  54  4:21  Pylon  
  54  4:22  Adept  
  57  4:24  Adept  
  57  4:26  Probe  
  60  4:31  Probe  
  60  4:34  Pylon  
  61  4:43  Phoenix, Probe  
  64  4:47  Twilight Council  
  64  4:51  Robotics Facility  
  64  4:53  Probe  
  65  5:02  Pylon  
  65  5:16  Gateway  
  65  5:20  Gateway  
  65  5:21  Gateway  
  65  5:23  Gateway  
  65  5:26  Templar Archives  
  56  5:45  Probe  
  56  5:48  Probe  
Show
View Real Time Build Order
Export as new Build Order

Yoger Zerg - Winner!

Build Orders: Pool First 

Get SALT Encoding   

  12  0:00  Drone  
  13  0:13  Overlord  
  13  0:16  Drone  
  14  0:31  Drone x2  
  16  0:40  Drone  
  17  0:42  Extractor  
  17  0:49  Drone  
  17  0:51  Spawning Pool  
  16  0:58  Drone  
  17  1:17  Hatchery  
  16  1:21  Drone  
  17  1:38  Zergling x4  
  19  1:40  Queen  
  21  1:47  Metabolic Boost  
  21  1:54  Overlord  
  21  1:59  Drone  
  22  2:13  Drone  
  22  2:14  Drone  
  24  2:16  Queen  
  26  2:31  Zergling x4  
  28  2:39  Zergling x2  
  29  2:46  Hatchery  
  29  2:48  Zergling x4  
  29  2:50  Zergling x2  
  30  2:58  Zergling x4  
  30  3:01  Zergling x2  
  33  3:07  Zergling x2  
  33  3:08  Zergling x2  
  34  3:16  Overlord  
  34  3:18  Zergling x2  
  35  3:26  Zergling x2  
  36  3:34  Zergling x2  
  35  3:37  Zergling x12  
  38  3:42  Zergling x2  
  37  3:49  Zergling x2  
  37  3:53  Zergling x2  
  37  3:58  Zergling x8  
  40  4:03  Zergling x4  
  40  4:08  Zergling x4  
  44  4:14  Drone x2  
  46  4:22  Baneling Nest  
  44  4:25  Spore Crawler  
  44  4:27  Drone  
  44  4:31  Spore Crawler  
  44  4:35  Drone  
  44  4:39  Drone  
  44  4:44  Drone  
  44  4:45  Drone  
  47  4:51  Overlord  
  47  5:04  Zergling x2  
  47  5:05  Zergling x2  
  47  5:06  Baneling x6  
  49  5:08  Baneling  
  49  5:11  Zergling x2  
  49  5:12  Zergling x2  
  49  5:13  Zergling x2  
  52  5:19  Zergling x4  
  54  5:23  Baneling  
  54  5:27  Overlord  
  47  5:40  Zergling x2  
  47  5:41  Zergling x4  
  49  5:43  Overlord x2  
  48  5:55  Zergling x10  
  53  5:59  Zergling x2  
Tags
 
Add a new tag
Caveats
  • Supply blocks, unpowered buildings, or Contaminate may cause inaccurate times.
  • Supply counts are checked every 10 seconds.